 Dungeon Crawl Stone Soup version 0.31-a0-232-gb1c03b2570 (webtiles) character file.

Game seed: 11001526650030866398

59 nono the Ducker (level 3, 0/17 HPs)
             Began as a Felid Fighter on July 7, 2023.
             Slain by an adder (2 damage)
             ... on level 3 of the Dungeon.
             The game lasted 00:03:57 (1555 turns).

nono the Ducker (Felid Fighter)                     Turns: 1555, Time: 00:03:57

Health: 0/17       AC:  1    Str: 14    XL:     3   Next: 78%
Magic:  4/4        EV: 18    Int:  9    God:
Gold:   119        SH:  0    Dex: 15    Spells: 2/2 levels left
                                        Lives:  0   Deaths: 0

rFire   . .          .
                       - Unarmed
rCold   . . .        (shield unavailable)
rNeg    . . .        (body armour unavailable)
rPois   .            (helmet unavailable)
rElec   .            (cloak unavailable)
rCorr   .            (gloves unavailable)
SInv    +            (boots unavailable)
Will    .....        (no amulet)
Stlth   ++           (no ring)
HPRegen 0.22/turn    (no ring)
MPRegen 0.09/turn

%: no passive effects
@: quick
A: very small, claws 1, fangs 3, see invisible, speed 1, shaggy fur 1, stealthy
paws, no weapons or thrown items, no armour, multi-lived
a: no special abilities


You were on level 3 of the Dungeon.
You visited 1 branch of the dungeon, and saw 3 of its levels.

You collected 119 gold pieces.

Inventory:

Scrolls
 b - a scroll of vulnerability {unknown}
 d - 2 scrolls of blinking {unknown}
 e - 2 scrolls of identify {unknown}
 f - 3 scrolls of teleportation {unknown}
 h - a scroll of poison {unknown}
Potions
 a - 2 potions of might
 c - 2 potions of cancellation {unknown}
 g - a potion of experience {unknown}


   Skills:
 + Level 3.5 Fighting
 + Level 4.6 Dodging
 + Level 2.3 Stealth
 + Level 4.4 Unarmed Combat


You had 2 spell levels left.
You didn't know any spells.
Your spell library contained the following spells:

 Spells                   Type           Power      Damage    Failure   Level
 Blink                    Tloc           0%         N/A       52%         2
 Lesser Beckoning         Tloc           0%         N/A       52%         2
 Momentum Strike          Conj/Tloc      0%         3d8       52%         2
 Tukima's Dance           Hex            0%         N/A       77%         3
 Passage of Golubria      Tloc           0%         N/A       99%         4
 Yara's Violent Unravell  Hex/Tmut       0%         3d3       100%        5


Dungeon Overview and Level Annotations

Branches:
Dungeon (3/15)

Altars:


Innate Abilities, Weirdness & Mutations

You have sharp claws.
You have razor-sharp teeth.
You have supernaturally acute eyesight. (SInv)
You cover ground quickly. (Speed+)
You are covered in fur. (AC +1)
Your paws help you pounce on unaware monsters.
You are incapable of wielding weapons or throwing items.
You cannot wear armour.
You gain extra lives every three experience levels.


Message History

You scratch the bat but do no damage.
The bat is moderately wounded.
The bat barely misses you. The bat closely misses you.
You scratch the bat. You claw the bat.
You kill the bat!
No target in view!
No target in view!
No target in view!
You now have 95 gold pieces (gained 6).
You now have 108 gold pieces (gained 13).
You open the door. You open the door.
There is an open door here.
You now have 119 gold pieces (gained 11).
A worm comes into view.
An adder comes into view.
You barely miss the worm. The worm bites you!
Ouch! That really hurt!
You are too injured to fight recklessly!
You are too injured to fight recklessly!
You scratch the worm but do no damage. You scratch the worm.
The worm is lightly wounded.
The worm closely misses you.
You scratch the worm.
The worm is moderately wounded.
The adder hisses angrily.
You scratch the worm. Your bite misses the worm.
The worm is moderately wounded.
The worm bites you!
* * * LOW HITPOINT WARNING * * *
You claw the worm!
The worm is almost dead.
The adder barely misses you. The worm misses you.
You scratch the worm.
You kill the worm!
The adder completely misses you.
Found a stone staircase leading up.
The adder bites you.
You die...

........# #.#
...#'#### #.# #
...#.# #.#.#
##.#.# ##.#.#
...... +....+
##.#.# ##.#.#
.#.#..+ ##.#.#
.#.#### #....+
#.# #S@### .#.#
...<...........
.#
#+#....########
## ....... ..
..##### ## #


You could see an adder.

Vanquished Creatures
  3 worms
  An orc (D:2)
  5 ball pythons
  3 bats
  5 endoplasms
  2 giant cockroaches (D:2)
  6 hobgoblins
  2 jackals (D:1)
  7 kobolds
  A quokka (D:2)
  3 frilled lizards (D:1)
  4 goblins
  3 rats
45 creatures vanquished.

Notes
Turn   | Place    | Note
-------+----------+-------------------------------------------
     0 | D:1      | nono the Felid Fighter began the quest for the Orb.
     0 | D:1      | Reached XP level 1. HP: 10/10 MP: 2/2
    22 | D:1      | You fall into a shaft and drop 1 floor!
   110 | D:2      | Reached skill level 1 in Stealth
   110 | D:2      | Reached XP level 2. HP: 14/14 MP: 3/3
   527 | D:1      | Reached XP level 3. HP: 10/17 MP: 4/4
  1555 | D:3      | Slain by an adder

Illustrated notes

Levels and vault maps discovered:
D:1:      kilobyte_arrival_exit_the_forest, layout_loops_ring
D:2:      layout_rooms
D:3:      layout_basic, nicolae_overflow_crystal_walls,
          mainiacjoe_overflow_alcove_2, hellmonk_ecumenical_altar_inner_sanctum,
          uniq_grinder

Skill      XL: |  1  2  3 |
---------------+----------+-----
Stealth        | 1 2 |  2.3
Fighting       | |  3.5
Dodging        | |  4.6
Unarmed Combat | |  4.4

Action                     || total
---------------------------++-------
  Melee: Unarmed           ||   123
         Punch             ||     4
         Bite              ||     5
   Stab: Sleeping          ||     2
 Armour: Skin              ||     4
  Dodge: Dodged            ||    81

Table legend: (Time is in decaauts)
 A = Elapsed time spent in this place.
 B = Non-inter-level travel time spent in this place.
 C = Inter-level travel time spent in this place.
 D = Time resting spent in this place.
 E = Time spent auto-exploring this place.
 F = Levels seen in this place.
 G = Mean time per level.
                   A        B        C        D        E       F      G
               +--------+--------+--------+--------+--------+-----+--------+
         Total |   1316 |   1277 |     39 |      0 |    961 |   3 |  438.7 |
       Dungeon |   1316 |   1277 |     39 |      0 |    961 |   3 |  438.7 |
               +--------+--------+--------+--------+--------+-----+--------+

Top non-repeatable levels by time:
     D:1: 800 daAuts
     D:2: 410 daAuts
     D:3: 105 daAuts
